[ AOE2 MATCH · #468372324 ]
UnrankedPortuguese vs Bulgarians
Player's team · LOSS
[ REPLAY ANALYSIS · EXTRACTED FROM THE RECORDED GAME ]
Feudal
11:54
Castle
16:37
Imperial
35:44
| APM avg | 46.0 |
| APM peak | 95 |
| eAPM avg | 23.3 |
| Villagers / military | 129 / 327 |
Focus
⚔️ 43.6% · 🌾 56.4%
Archer ×293 · Trade Cart ×77 · Bombard Cannon ×24 · Fishing Ship ×4 · Mangonel ×3 · Fire Galley ×3
Feudal
10:10
Castle
22:07
Imperial
33:55
| APM avg | 56.1 |
| APM peak | 106 |
| eAPM avg | 29.8 |
| Villagers / military | 220 / 602 |
Focus
⚔️ 37.4% · 🌾 62.6%
Spearman ×386 · Knight ×165 · Scout Cavalry ×38 · Trebuchet (Packed) ×8 · Trade Cart ×7 · Mangonel ×3
Feudal
11:53
Castle
16:03
Imperial
32:45
| APM avg | 26.5 |
| APM peak | 88 |
| eAPM avg | 12.3 |
| Villagers / military | 84 / 386 |
Focus
⚔️ 30.0% · 🌾 70.0%
Knight ×382 · Trade Cart ×21 · Monk ×2 · Mangonel ×1 · Trebuchet (Packed) ×1
Feudal
10:42
Castle
15:53
Imperial
32:40
| APM avg | 24.3 |
| APM peak | 56 |
| eAPM avg | 14.7 |
| Villagers / military | 159 / 662 |
Focus
⚔️ 31.8% · 🌾 68.2%
Knight ×552 · Scout Cavalry ×100 · Trade Cart ×42 · Serjeant ×5 · Monk ×3 · Cannon Galleon ×1
Feudal
11:22
Castle
15:51
Imperial
32:29
| APM avg | 23.0 |
| APM peak | 51 |
| eAPM avg | 14.0 |
| Villagers / military | 159 / 676 |
Focus
⚔️ 47.1% · 🌾 52.9%
Scout Cavalry ×341 · Camel Scout ×256 · Galley ×47 · Trade Cart ×45 · Bombard Cannon ×24 · Unknown (2626) ×21
Feudal
11:46
Castle
15:26
Imperial
36:33
| APM avg | 55.9 |
| APM peak | 121 |
| eAPM avg | 23.6 |
| Villagers / military | 271 / 333 |
Focus
⚔️ 37.4% · 🌾 62.6%
Camel Archer ×150 · Fire Galley ×69 · Demolition Raft ×65 · Trade Cart ×47 · Galley ×30 · Cannon Galleon ×17
Feudal
11:52
Castle
15:48
Imperial
41:45
| APM avg | 37.1 |
| APM peak | 74 |
| eAPM avg | 19.2 |
| Villagers / military | 189 / 463 |
Focus
⚔️ 31.5% · 🌾 68.5%
Scout Cavalry ×391 · Mangonel ×33 · Demolition Raft ×25 · Trade Cart ×9 · Trade Cog ×7 · Fishing Ship ×6
Feudal
11:01
Castle
14:02
Imperial
37:58
| APM avg | 54.0 |
| APM peak | 112 |
| eAPM avg | 27.1 |
| Villagers / military | 243 / 820 |
Focus
⚔️ 42.6% · 🌾 57.4%
Scout Cavalry ×635 · Scorpion ×157 · Trade Cart ×38 · Battering Ram ×9 · Knight ×6 · Trebuchet (Packed) ×6
Match map
Initial resources + every placement click. Lines = walls · curves = elevation contours. ◆ gold · ⬟ stone · ● berries · ✦ relic · ◌ wall gap
Inputs per minute
— T-Bone - - Raez
Build order — T-Bone
First 150 of 722 actions detected
| 0:02 | Build | House |
| 0:03 | Build | House |
| 0:06 | Create | Villager (Male) |
| 0:06 | Create | Villager (Male) |
| 0:17 | Create | Villager (Male) |
| 0:35 | Create | Villager (Male) |
| 1:36 | Create | Villager (Male) |
| 1:48 | Build | Lumber Camp |
| 1:55 | Create | Villager (Male) |
| 2:34 | Create | Villager (Male) |
| 2:34 | Create | Villager (Male) |
| 3:19 | Create | Villager (Male) |
| 3:30 | Build | House |
| 3:35 | Create | Villager (Male) |
| 3:35 | Create | Villager (Male) |
| 3:57 | Create | Villager (Male) |
| 3:58 | Create | Villager (Male) |
| 4:21 | Build | Mill |
| 4:43 | Build | Palisade Wall |
| 4:47 | Create | Villager (Male) |
| 5:13 | Create | Villager (Male) |
| 5:14 | Create | Villager (Male) |
| 5:28 | Build | House |
| 5:57 | Create | Villager (Male) |
| 5:58 | Create | Villager (Male) |
| 5:58 | Create | Villager (Male) |
| 6:27 | Create | Villager (Male) |
| 6:43 | Build | House |
| 6:56 | Build | Dock |
| 7:00 | Create | Villager (Male) |
| 7:22 | Build | Palisade Wall |
| 7:50 | Create | Villager (Male) |
| 8:04 | Create | Fishing Ship |
| 8:05 | Create | Fishing Ship |
| 8:18 | Build | Building 796 |
| 8:22 | Build | Palisade Wall |
| 8:23 | Build | Palisade Wall |
| 8:24 | Build | Palisade Wall |
| 8:42 | Create | Villager (Male) |
| 8:42 | Create | Villager (Male) |
| 8:42 | Create | Villager (Male) |
| 9:15 | Build | Mining Camp |
| 9:44 | Research | Feudal Age |
| 9:45 | Research | Loom |
| 9:47 | Create | Fishing Ship |
| 9:55 | Build | House |
| 10:12 | Create | Fishing Ship |
| 10:47 | Build | Palisade Wall |
| 11:15 | Build | Palisade Wall |
| 11:54 | Age | Feudal Age |
| 11:59 | Create | Villager (Male) |
| 11:59 | Create | Villager (Male) |
| 12:07 | Create | Unit 2626 |
| 12:17 | Build | Market |
| 12:20 | Build | Blacksmith |
| 13:07 | Create | Villager (Male) |
| 13:57 | Research | Castle Age |
| 14:01 | Build | Mining Camp |
| 14:17 | Build | House |
| 14:27 | Build | Market |
| 14:29 | Build | House |
| 14:33 | Create | Fire Galley |
| 14:51 | Build | Barracks |
| 15:07 | Build | Stone Wall |
| 15:18 | Build | Stone Wall |
| 15:23 | Build | Stone Wall |
| 15:24 | Build | Stone Wall |
| 15:28 | Build | Stone Wall |
| 15:29 | Build | Stone Wall |
| 15:42 | Build | Mill |
| 16:00 | Create | Villager (Male) |
| 16:00 | Create | Villager (Male) |
| 16:06 | Build | Stone Wall |
| 16:07 | Build | Stone Wall |
| 16:27 | Research | Double-Bit Axe |
| 16:34 | Build | Stone Wall |
| 16:35 | Build | Stone Wall |
| 16:35 | Build | Stone Wall |
| 16:36 | Build | Stone Wall |
| 16:36 | Build | Stone Wall |
| 16:36 | Build | Stone Wall |
| 16:37 | Build | Stone Wall |
| 16:37 | Build | Stone Wall |
| 16:37 | Age | Castle Age |
| 16:38 | Create | Villager (Male) |
| 16:38 | Create | Villager (Male) |
| 17:02 | Build | Stone Wall |
| 17:22 | Build | Town Center |
| 17:34 | Create | Villager (Male) |
| 18:11 | Create | Villager (Male) |
| 18:11 | Create | Villager (Male) |
| 18:32 | Create | Villager (Male) |
| 18:32 | Create | Villager (Male) |
| 18:59 | Build | Town Center |
| 19:02 | Create | Villager (Male) |
| 19:02 | Create | Villager (Male) |
| 19:30 | Build | House |
| 19:31 | Build | House |
| 19:31 | Build | House |
| 19:55 | Create | Villager (Male) |
| 19:59 | Create | Villager (Male) |
| 19:59 | Create | Villager (Male) |
| 20:07 | Create | Villager (Male) |
| 20:16 | Build | Stone Wall |
| 20:29 | Create | Villager (Male) |
| 20:31 | Research | Horse Collar |
| 20:37 | Research | Bow Saw |
| 20:42 | Build | Farm |
| 20:42 | Create | Villager (Male) |
| 20:50 | Build | Farm |
| 20:50 | Build | Farm |
| 20:51 | Build | Farm |
| 20:51 | Build | Farm |
| 21:10 | Build | Farm |
| 21:19 | Build | Farm |
| 21:21 | Build | Farm |
| 21:24 | Build | Farm |
| 21:26 | Build | Farm |
| 21:30 | Build | Farm |
| 21:38 | Build | Farm |
| 21:42 | Build | Stone Wall |
| 21:53 | Create | Villager (Male) |
| 21:58 | Build | Farm |
| 21:58 | Build | Farm |
| 21:58 | Build | Farm |
| 21:58 | Build | Farm |
| 21:59 | Build | Farm |
| 21:59 | Build | Farm |
| 22:08 | Create | Villager (Male) |
| 22:26 | Build | Castle |
| 22:38 | Build | Farm |
| 22:42 | Build | Farm |
| 22:43 | Create | Villager (Male) |
| 22:43 | Create | Villager (Male) |
| 22:43 | Create | Villager (Male) |
| 22:49 | Create | Villager (Male) |
| 23:18 | Create | Villager (Male) |
| 23:18 | Create | Villager (Male) |
| 23:24 | Build | Farm |
| 23:27 | Build | Farm |
| 23:27 | Build | Farm |
| 23:28 | Create | Villager (Male) |
| 23:28 | Create | Villager (Male) |
| 23:51 | Create | Villager (Male) |
| 23:51 | Create | Villager (Male) |
| 23:51 | Create | Villager (Male) |
| 23:55 | Build | Farm |
| 23:55 | Build | Farm |
| 23:56 | Build | Farm |
| 24:01 | Create | Organ Gun |
Build order — Raez
First 150 of 865 actions detected
| 0:01 | Create | Villager (Male) |
| 0:03 | Build | House |
| 0:04 | Build | House |
| 0:04 | Create | Villager (Male) |
| 0:04 | Create | Villager (Male) |
| 0:04 | Create | Villager (Male) |
| 1:26 | Create | Villager (Male) |
| 1:26 | Create | Villager (Male) |
| 1:53 | Create | Villager (Male) |
| 1:53 | Create | Villager (Male) |
| 2:25 | Create | Villager (Male) |
| 2:25 | Create | Villager (Male) |
| 2:40 | Build | Lumber Camp |
| 2:52 | Create | Villager (Male) |
| 2:52 | Create | Villager (Male) |
| 2:52 | Create | Villager (Male) |
| 3:40 | Create | Villager (Male) |
| 3:40 | Create | Villager (Male) |
| 3:41 | Create | Villager (Male) |
| 3:41 | Create | Villager (Male) |
| 3:48 | Build | House |
| 3:49 | Build | House |
| 5:03 | Create | Villager (Male) |
| 5:09 | Build | Palisade Wall |
| 5:24 | Create | Villager (Male) |
| 5:32 | Build | Building 796 |
| 5:43 | Create | Villager (Male) |
| 6:20 | Create | Villager (Male) |
| 6:22 | Research | Loom |
| 6:41 | Create | Villager (Male) |
| 6:51 | Build | Barracks |
| 6:54 | Build | Palisade Wall |
| 7:10 | Create | Villager (Male) |
| 7:20 | Create | Villager (Male) |
| 8:00 | Research | Feudal Age |
| 8:03 | Build | Mill |
| 8:18 | Build | Palisade Wall |
| 8:20 | Build | House |
| 8:47 | Build | Palisade Wall |
| 8:48 | Build | Palisade Wall |
| 8:49 | Build | Palisade Wall |
| 9:30 | Create | Villager (Male) |
| 10:10 | Age | Feudal Age |
| 10:13 | Build | Stable |
| 10:26 | Build | House |
| 10:31 | Create | Villager (Male) |
| 10:34 | Research | Double-Bit Axe |
| 10:48 | Create | Villager (Male) |
| 10:56 | Create | Scout Cavalry |
| 10:57 | Create | Scout Cavalry |
| 10:57 | Create | Scout Cavalry |
| 11:24 | Create | Villager (Male) |
| 11:42 | Build | Stable |
| 11:48 | Build | House |
| 11:49 | Create | Villager (Male) |
| 11:58 | Create | Villager (Male) |
| 12:19 | Build | Blacksmith |
| 12:28 | Create | Scout Cavalry |
| 12:28 | Create | Scout Cavalry |
| 12:37 | Create | Villager (Male) |
| 12:44 | Research | Town Watch |
| 12:44 | Research | Town Watch |
| 12:46 | Create | Villager (Male) |
| 12:52 | Build | House |
| 12:58 | Create | Scout Cavalry |
| 12:59 | Create | Scout Cavalry |
| 13:04 | Create | Scout Cavalry |
| 13:08 | Build | Farm |
| 13:09 | Build | Farm |
| 13:15 | Research | Forging |
| 13:15 | Research | Forging |
| 13:19 | Build | Farm |
| 13:38 | Create | Villager (Male) |
| 13:46 | Build | Mining Camp |
| 13:48 | Research | Scale Barding Armor |
| 13:49 | Research | Scale Barding Armor |
| 14:09 | Build | Farm |
| 14:14 | Create | Villager (Male) |
| 14:25 | Create | Scout Cavalry |
| 14:25 | Create | Scout Cavalry |
| 14:31 | Build | Farm |
| 14:32 | Build | Farm |
| 14:44 | Create | Villager (Male) |
| 14:48 | Build | Farm |
| 14:50 | Build | Farm |
| 14:52 | Build | Farm |
| 15:00 | Create | Villager (Male) |
| 15:15 | Create | Villager (Male) |
| 15:20 | Build | Farm |
| 15:20 | Build | Farm |
| 15:20 | Build | Farm |
| 15:20 | Build | Farm |
| 15:21 | Build | Farm |
| 15:32 | Create | Scout Cavalry |
| 15:39 | Create | Villager (Male) |
| 15:43 | Build | House |
| 15:46 | Build | House |
| 15:47 | Build | House |
| 15:53 | Build | Farm |
| 16:08 | Create | Villager (Male) |
| 16:10 | Build | Farm |
| 16:26 | Create | Villager (Male) |
| 16:29 | Build | Farm |
| 16:32 | Build | Farm |
| 16:34 | Create | Villager (Male) |
| 16:39 | Build | Farm |
| 16:53 | Build | House |
| 17:01 | Build | Farm |
| 17:13 | Build | Farm |
| 17:39 | Create | Villager (Male) |
| 17:53 | Build | Farm |
| 18:02 | Create | Villager (Male) |
| 18:16 | Create | Villager (Male) |
| 18:18 | Build | Farm |
| 18:50 | Build | Mining Camp |
| 19:27 | Research | Castle Age |
| 19:27 | Research | Castle Age |
| 19:44 | Research | Horse Collar |
| 19:44 | Research | Horse Collar |
| 20:06 | Build | Lumber Camp |
| 20:10 | Research | Bloodlines |
| 20:10 | Research | Bloodlines |
| 20:29 | Research | Gold Mining |
| 21:30 | Create | Villager (Male) |
| 22:07 | Age | Castle Age |
| 22:08 | Create | Knight |
| 22:09 | Create | Knight |
| 22:10 | Research | Chain Barding Armor |
| 22:12 | Research | Bow Saw |
| 22:24 | Build | Castle |
| 22:34 | Create | Villager (Male) |
| 22:42 | Create | Knight |
| 23:07 | Create | Villager (Male) |
| 23:07 | Create | Villager (Male) |
| 23:12 | Create | Knight |
| 23:18 | Build | Siege Workshop |
| 23:25 | Research | Iron Casting |
| 23:27 | Research | Husbandry |
| 23:35 | Create | Knight |
| 23:42 | Build | Mining Camp |
| 23:52 | Research | Wheelbarrow |
| 23:52 | Research | Wheelbarrow |
| 24:01 | Create | Villager (Male) |
| 24:07 | Create | Villager (Male) |
| 24:26 | Create | Villager (Male) |
| 25:06 | Create | Knight |
| 25:06 | Create | Knight |
| 25:57 | Create | Mangonel |
| 25:58 | Create | Mangonel |
| 26:22 | Research | Stone Mining |
Build order — Sparrow Fart
First 150 of 323 actions detected
| 0:04 | Build | House |
| 0:05 | Build | House |
| 0:09 | Create | Villager (Male) ×5 |
| 1:32 | Create | Villager (Male) |
| 1:55 | Build | Lumber Camp |
| 1:59 | Create | Villager (Male) |
| 2:42 | Create | Villager (Male) |
| 3:01 | Create | Villager (Male) |
| 3:33 | Create | Villager (Male) |
| 3:50 | Build | House |
| 3:51 | Build | House |
| 4:02 | Create | Villager (Male) |
| 4:11 | Build | Mill |
| 4:32 | Research | Loom |
| 5:03 | Create | Villager (Male) |
| 5:04 | Create | Villager (Male) |
| 5:46 | Create | Villager (Male) |
| 5:46 | Create | Villager (Male) |
| 5:47 | Create | Villager (Male) |
| 6:20 | Build | Farm |
| 6:41 | Build | Farm |
| 6:43 | Create | Villager (Male) |
| 6:43 | Create | Villager (Male) |
| 7:07 | Build | Lumber Camp |
| 7:48 | Create | Villager (Male) |
| 7:48 | Create | Villager (Male) |
| 7:54 | Build | House |
| 8:20 | Create | Villager (Male) |
| 8:42 | Build | Mining Camp |
| 8:47 | Create | Villager (Male) |
| 8:47 | Create | Villager (Male) |
| 9:14 | Build | Mining Camp |
| 9:31 | Research | Feudal Age |
| 10:13 | Create | Villager (Male) |
| 10:13 | Create | Villager (Male) |
| 11:53 | Age | Feudal Age |
| 12:44 | Build | Market |
| 12:51 | Build | Blacksmith |
| 13:38 | Research | Castle Age |
| 14:43 | Build | Barracks |
| 15:49 | Research | Double-Bit Axe |
| 15:51 | Research | Horse Collar |
| 16:03 | Age | Castle Age |
| 16:05 | Build | Stable |
| 16:20 | Build | Castle |
| 16:47 | Create | Villager (Male) ×5 |
| 16:47 | Create | Villager (Male) ×2 |
| 17:04 | Build | Farm |
| 17:04 | Build | Farm |
| 17:04 | Build | Farm |
| 17:05 | Build | Farm |
| 17:13 | Build | House |
| 17:15 | Build | House |
| 17:27 | Build | House |
| 18:03 | Build | Farm |
| 18:03 | Build | Farm |
| 18:03 | Build | Farm |
| 18:04 | Build | Farm |
| 18:04 | Build | Farm |
| 18:07 | Research | Husbandry |
| 18:27 | Create | Villager (Male) ×2 |
| 18:57 | Build | Town Center |
| 19:13 | Create | Villager (Male) ×2 |
| 19:35 | Build | Mining Camp |
| 20:21 | Research | Bloodlines |
| 21:05 | Research | Forging |
| 21:21 | Build | Monastery |
| 21:26 | Build | Mining Camp |
| 21:51 | Create | Monk |
| 21:59 | Research | Bow Saw |
| 22:29 | Create | Villager (Male) ×4 |
| 22:49 | Create | Monk |
| 23:00 | Build | Farm |
| 23:27 | Build | Town Center |
| 23:30 | Build | Farm |
| 23:47 | Build | Stable |
| 23:47 | Build | Stable |
| 23:48 | Build | Stable |
| 24:10 | Create | Villager (Male) ×5 |
| 24:10 | Create | Villager (Male) ×2 |
| 24:22 | Build | Lumber Camp |
| 24:36 | Build | Farm |
| 24:39 | Research | Heavy Plow |
| 25:16 | Build | Farm |
| 25:21 | Build | Farm |
| 25:28 | Create | Villager (Male) ×3 |
| 25:55 | Build | Siege Workshop |
| 25:57 | Build | Siege Workshop |
| 26:03 | Build | Farm |
| 26:19 | Build | University |
| 26:23 | Build | Farm |
| 26:26 | Research | Town Watch |
| 26:49 | Build | Stable |
| 26:54 | Create | Villager (Male) ×5 |
| 27:07 | Research | Fletching |
| 27:33 | Create | Mangonel |
| 27:42 | Build | Stable |
| 28:36 | Research | Bodkin Arrow |
| 28:38 | Research | Iron Casting |
| 28:38 | Research | Scale Barding Armor |
| 28:45 | Create | Villager (Male) ×5 |
| 28:46 | Create | Villager (Male) |
| 29:21 | Build | Farm |
| 29:42 | Build | Farm |
| 30:00 | Research | Imperial Age |
| 30:03 | Create | Villager (Male) ×3 |
| 30:15 | Build | Stable |
| 30:16 | Build | Stable |
| 30:17 | Build | Stable |
| 30:18 | Build | Stable |
| 30:19 | Build | Stable |
| 30:27 | Build | Stable |
| 30:29 | Build | Stable |
| 30:34 | Research | Gold Mining |
| 30:35 | Research | Stone Mining |
| 31:00 | Create | Knight ×4 |
| 31:00 | Create | Knight |
| 31:40 | Build | House |
| 31:40 | Build | House |
| 31:40 | Build | House |
| 31:40 | Build | House |
| 31:45 | Build | House |
| 31:45 | Build | House |
| 31:45 | Build | House |
| 31:46 | Build | House |
| 31:50 | Build | Mining Camp |
| 32:09 | Research | Wheelbarrow |
| 32:11 | Create | Villager (Male) ×5 |
| 32:11 | Create | Villager (Male) ×5 |
| 32:45 | Age | Imperial Age |
| 32:48 | Create | Trebuchet (Packed) |
| 32:50 | Research | Conscription |
| 32:53 | Research | Citadels |
| 33:34 | Research | Cavalier (upgrade) |
| 33:38 | Build | Farm |
| 33:38 | Build | Farm |
| 33:42 | Build | Farm |
| 34:03 | Build | Farm |
| 34:04 | Research | Crop Rotation |
| 34:15 | Create | Knight ×5 |
| 34:15 | Create | Knight ×5 |
| 34:16 | Create | Knight |
| 34:57 | Research | Blast Furnace |
| 35:43 | Build | Market |
| 36:30 | Create | Knight ×5 |
| 36:30 | Create | Knight ×5 |
| 36:30 | Create | Knight ×5 |
| 36:30 | Create | Knight ×3 |
| 36:42 | Create | Knight |
| 36:43 | Create | Knight |
Build order — josiahjenkinson1
First 150 of 564 actions detected
| 0:02 | Create | Villager (Male) ×4 |
| 0:04 | Build | House |
| 0:05 | Build | House |
| 1:29 | Create | Villager (Male) |
| 1:29 | Create | Villager (Male) |
| 2:17 | Create | Villager (Male) |
| 2:27 | Create | Villager (Male) |
| 2:38 | Build | Lumber Camp |
| 2:41 | Create | Villager (Male) |
| 3:03 | Create | Villager (Male) |
| 3:11 | Build | House |
| 3:37 | Create | Villager (Male) |
| 3:37 | Create | Villager (Male) |
| 4:15 | Create | Villager (Male) |
| 4:15 | Create | Villager (Male) |
| 4:28 | Create | Villager (Male) |
| 4:42 | Create | Villager (Male) |
| 5:24 | Build | Lumber Camp |
| 5:27 | Create | Villager (Male) |
| 5:32 | Build | House |
| 6:01 | Create | Villager (Male) |
| 6:33 | Create | Villager (Male) |
| 6:56 | Build | Mill |
| 7:03 | Create | Villager (Male) |
| 7:24 | Create | Villager (Male) |
| 7:49 | Create | Villager (Male) |
| 8:26 | Create | Villager (Male) |
| 8:29 | Research | Feudal Age |
| 9:00 | Create | Villager (Male) |
| 9:00 | Create | Villager (Male) |
| 9:39 | Build | House |
| 10:12 | Create | Villager (Male) |
| 10:12 | Create | Villager (Male) |
| 10:42 | Build | Mining Camp |
| 10:42 | Age | Feudal Age |
| 10:47 | Create | Villager (Male) |
| 10:54 | Build | Blacksmith |
| 11:42 | Build | Market |
| 12:02 | Create | Villager (Male) |
| 13:13 | Research | Castle Age |
| 13:14 | Research | Loom |
| 13:28 | Create | Villager (Male) |
| 13:33 | Build | Mining Camp |
| 13:56 | Build | Palisade Wall |
| 14:03 | Build | Palisade Wall |
| 14:15 | Build | Palisade Wall |
| 14:25 | Build | Palisade Wall |
| 14:39 | Build | Palisade Wall |
| 14:44 | Build | Palisade Wall |
| 14:46 | Create | Villager (Male) |
| 14:46 | Create | Villager (Male) |
| 14:54 | Build | House |
| 15:02 | Build | House |
| 15:25 | Build | Donjon |
| 15:53 | Age | Castle Age |
| 16:02 | Build | Town Center |
| 17:01 | Create | Villager (Male) |
| 17:03 | Create | Villager (Male) |
| 17:03 | Create | Villager (Male) |
| 17:18 | Build | Farm |
| 17:19 | Build | Farm |
| 17:20 | Build | Farm |
| 17:22 | Build | Farm |
| 17:22 | Build | Farm |
| 17:32 | Create | Villager (Male) |
| 17:32 | Create | Villager (Male) |
| 17:32 | Create | Villager (Male) |
| 17:33 | Create | Villager (Male) |
| 17:44 | Build | Farm |
| 17:47 | Build | Farm |
| 17:54 | Build | Farm |
| 18:29 | Build | Palisade Wall |
| 18:30 | Create | Villager (Male) |
| 18:31 | Create | Villager (Male) |
| 18:33 | Build | Farm |
| 18:38 | Build | Farm |
| 18:39 | Create | Villager (Male) |
| 19:04 | Build | Donjon |
| 19:06 | Create | Villager (Male) |
| 19:06 | Create | Villager (Male) |
| 19:07 | Create | Villager (Male) |
| 19:10 | Build | Farm |
| 19:14 | Build | Farm |
| 19:23 | Build | House |
| 19:24 | Build | House |
| 19:25 | Build | House |
| 19:27 | Create | Villager (Male) |
| 19:27 | Create | Villager (Male) |
| 19:33 | Build | Farm |
| 19:36 | Create | Villager (Male) |
| 19:54 | Create | Villager (Male) |
| 19:58 | Create | Villager (Male) |
| 20:05 | Create | Villager (Male) |
| 20:13 | Build | Monastery |
| 20:22 | Create | Villager (Male) |
| 20:31 | Build | Farm |
| 20:32 | Create | Villager (Male) |
| 20:39 | Create | Villager (Male) |
| 20:39 | Create | Villager (Male) |
| 20:52 | Create | Villager (Male) |
| 20:59 | Build | Farm |
| 21:00 | Build | Farm |
| 21:04 | Build | Farm |
| 21:05 | Create | Villager (Male) |
| 21:05 | Create | Villager (Male) |
| 21:08 | Build | House |
| 21:11 | Create | Monk |
| 21:16 | Build | Palisade Gate |
| 21:17 | Create | Villager (Male) |
| 21:22 | Create | Serjeant |
| 21:35 | Build | House |
| 21:36 | Build | House |
| 21:37 | Create | Villager (Male) |
| 21:38 | Create | Villager (Male) |
| 21:46 | Create | Villager (Male) |
| 21:51 | Create | Monk |
| 21:57 | Build | Farm |
| 22:01 | Create | Villager (Male) |
| 22:01 | Create | Villager (Male) |
| 22:14 | Build | Mill |
| 22:15 | Build | Farm |
| 22:17 | Create | Villager (Male) |
| 22:17 | Create | Villager (Male) |
| 22:29 | Research | Double-Bit Axe |
| 22:37 | Create | Villager (Male) |
| 22:44 | Create | Serjeant |
| 22:55 | Build | Farm |
| 22:56 | Build | Farm |
| 22:57 | Build | Farm |
| 22:58 | Build | Farm |
| 23:00 | Build | Farm |
| 23:01 | Create | Villager (Male) |
| 23:17 | Create | Villager (Male) |
| 23:18 | Create | Villager (Male) |
| 23:31 | Build | Stable |
| 23:40 | Create | Villager (Male) |
| 23:40 | Create | Villager (Male) |
| 23:42 | Build | Farm |
| 23:45 | Build | Farm |
| 23:55 | Build | Lumber Camp |
| 23:57 | Create | Villager (Male) |
| 23:57 | Create | Villager (Male) |
| 24:17 | Build | House |
| 24:17 | Build | House |
| 24:19 | Create | Villager (Male) |
| 24:19 | Create | Villager (Male) |
| 24:35 | Build | Donjon |
| 24:41 | Build | Stable |
| 24:42 | Create | Villager (Male) |
| 24:42 | Create | Villager (Male) |
Build order — goldenbrowne
First 150 of 555 actions detected
| 0:01 | Create | Villager (Male) |
| 0:02 | Build | House |
| 0:04 | Build | House |
| 0:21 | Create | Villager (Male) ×3 |
| 1:20 | Build | Mill |
| 1:37 | Create | Villager (Male) |
| 2:04 | Create | Villager (Male) |
| 2:32 | Create | Villager (Male) |
| 2:57 | Create | Villager (Male) |
| 3:02 | Create | Villager (Male) |
| 3:15 | Build | Lumber Camp |
| 3:36 | Create | Villager (Male) |
| 3:44 | Create | Villager (Male) |
| 4:09 | Build | House |
| 4:25 | Create | Villager (Male) |
| 4:56 | Create | Villager (Male) |
| 5:09 | Build | House |
| 5:20 | Create | Villager (Male) |
| 5:39 | Create | Villager (Male) |
| 5:39 | Create | Villager (Male) |
| 5:42 | Create | Villager (Male) |
| 6:08 | Create | Villager (Male) |
| 6:36 | Build | Mill |
| 7:08 | Create | Villager (Male) |
| 7:24 | Build | House |
| 7:25 | Create | Villager (Male) |
| 7:53 | Build | Dock |
| 8:17 | Build | Lumber Camp |
| 8:20 | Create | Villager (Male) |
| 8:28 | Create | Villager (Male) |
| 8:33 | Build | Mining Camp |
| 8:59 | Research | Feudal Age |
| 9:36 | Create | Villager (Male) |
| 9:45 | Build | Farm |
| 9:46 | Build | Farm |
| 9:52 | Build | Farm |
| 9:56 | Build | Farm |
| 9:59 | Build | Farm |
| 10:10 | Create | Villager (Male) |
| 10:15 | Build | Farm |
| 11:22 | Build | House |
| 11:22 | Age | Feudal Age |
| 11:35 | Build | Market |
| 11:40 | Create | Villager (Male) |
| 12:14 | Build | Blacksmith |
| 12:18 | Create | Villager (Male) |
| 13:11 | Research | Castle Age |
| 13:54 | Research | Double-Bit Axe |
| 14:04 | Research | Horse Collar |
| 14:30 | Build | Dock |
| 14:37 | Research | Fletching |
| 14:57 | Create | Galley |
| 15:03 | Create | Villager (Male) |
| 15:17 | Create | Galley |
| 15:18 | Create | Galley |
| 15:25 | Create | Transport Ship |
| 15:31 | Create | Galley |
| 15:39 | Build | House |
| 15:40 | Build | House |
| 15:51 | Age | Castle Age |
| 15:56 | Research | Gold Mining |
| 15:58 | Research | Bow Saw |
| 16:02 | Research | War Galley (upgrade) |
| 16:07 | Create | Villager (Male) |
| 16:37 | Create | Villager (Male) |
| 16:39 | Research | Loom |
| 16:45 | Create | Galley |
| 16:45 | Create | Galley |
| 17:06 | Create | Galley |
| 17:06 | Create | Galley |
| 17:20 | Create | Villager (Male) |
| 17:21 | Create | Villager (Male) |
| 17:33 | Build | Town Center |
| 17:37 | Create | Villager (Male) |
| 18:00 | Create | Villager (Male) |
| 18:13 | Create | Villager (Male) |
| 18:22 | Build | Town Center |
| 18:33 | Build | House |
| 18:34 | Build | House |
| 18:35 | Build | House |
| 18:35 | Build | House |
| 18:38 | Create | Villager (Male) |
| 19:07 | Create | Galley |
| 19:08 | Create | Galley |
| 19:10 | Create | Villager (Male) ×2 |
| 19:30 | Create | Villager (Male) |
| 19:35 | Build | Barracks |
| 19:43 | Create | Villager (Male) |
| 19:59 | Create | Villager (Male) |
| 20:22 | Build | Farm |
| 20:22 | Build | Farm |
| 20:23 | Build | Farm |
| 20:23 | Build | Farm |
| 20:24 | Build | Farm |
| 20:28 | Build | Farm |
| 21:02 | Build | Farm |
| 21:06 | Build | Farm |
| 21:08 | Build | Farm |
| 21:11 | Build | Farm |
| 21:13 | Create | Villager (Male) |
| 21:15 | Build | Farm |
| 21:29 | Create | Villager (Male) |
| 21:36 | Build | Stable |
| 21:38 | Create | Villager (Male) |
| 21:51 | Create | Villager (Male) |
| 21:51 | Create | Villager (Male) |
| 21:56 | Build | Farm |
| 21:59 | Build | Farm |
| 21:59 | Create | Villager (Male) |
| 22:00 | Create | Villager (Male) |
| 22:23 | Build | Stable |
| 22:28 | Build | Farm |
| 22:30 | Create | Villager (Male) |
| 22:31 | Create | Villager (Male) |
| 22:34 | Create | Camel Scout |
| 22:36 | Create | Villager (Male) |
| 22:47 | Create | Villager (Male) |
| 23:34 | Create | Villager (Male) |
| 23:34 | Create | Villager (Male) |
| 23:41 | Create | Villager (Male) |
| 23:43 | Build | House |
| 23:44 | Build | House |
| 23:53 | Create | Camel Scout |
| 23:53 | Create | Camel Scout |
| 23:55 | Create | Villager (Male) ×3 |
| 23:58 | Build | Farm |
| 23:59 | Build | Farm |
| 24:03 | Build | Mill |
| 24:04 | Build | Farm |
| 24:04 | Build | Farm |
| 24:04 | Build | Farm |
| 24:05 | Build | Farm |
| 24:05 | Build | Farm |
| 24:05 | Build | Farm |
| 24:05 | Build | Farm |
| 24:29 | Create | Villager (Male) ×5 |
| 24:38 | Build | Farm |
| 24:41 | Build | Farm |
| 24:42 | Build | Farm |
| 24:43 | Build | Farm |
| 24:49 | Create | Camel Scout |
| 24:49 | Create | Camel Scout |
| 25:01 | Build | House |
| 25:02 | Build | House |
| 25:04 | Create | Villager (Male) |
| 25:04 | Create | Villager (Male) |
| 25:14 | Build | Lumber Camp |
| 25:16 | Research | Heavy Plow |
| 25:25 | Build | Farm |
| 25:27 | Create | Villager (Male) |
Build order — hodgefarming
First 150 of 743 actions detected
| 0:01 | Create | Villager (Male) |
| 0:01 | Create | Villager (Male) |
| 0:03 | Build | House |
| 0:05 | Build | House |
| 0:14 | Create | Villager (Male) |
| 0:14 | Create | Villager (Male) |
| 1:28 | Create | Villager (Male) |
| 1:51 | Build | Lumber Camp |
| 1:56 | Create | Villager (Male) |
| 1:56 | Create | Villager (Male) |
| 2:27 | Create | Villager (Male) |
| 2:35 | Create | Villager (Male) |
| 3:06 | Create | Villager (Male) |
| 3:29 | Build | Mining Camp |
| 3:43 | Create | Villager (Male) |
| 3:43 | Create | Villager (Male) |
| 4:09 | Create | Villager (Male) |
| 4:09 | Create | Villager (Male) |
| 4:38 | Create | Villager (Male) |
| 4:39 | Create | Villager (Male) |
| 4:42 | Build | House |
| 5:04 | Build | Mill |
| 5:05 | Create | Villager (Male) |
| 5:14 | Build | House |
| 5:45 | Create | Villager (Male) |
| 6:04 | Create | Villager (Male) |
| 6:07 | Create | Villager (Male) |
| 6:45 | Create | Villager (Male) |
| 7:15 | Build | House |
| 7:23 | Create | Villager (Male) |
| 7:38 | Create | Villager (Male) |
| 8:06 | Create | Villager (Male) |
| 8:28 | Create | Villager (Male) |
| 8:52 | Build | Farm |
| 9:07 | Create | Villager (Male) |
| 9:13 | Build | Farm |
| 9:36 | Research | Feudal Age |
| 10:26 | Create | Villager (Male) |
| 11:09 | Create | Villager (Male) |
| 11:46 | Age | Feudal Age |
| 11:48 | Build | Blacksmith |
| 11:49 | Build | Market |
| 12:12 | Research | Double-Bit Axe |
| 12:15 | Research | Horse Collar |
| 12:46 | Research | Castle Age |
| 13:51 | Build | Farm |
| 13:54 | Build | Farm |
| 14:14 | Create | Villager (Male) |
| 14:48 | Create | Villager (Male) |
| 15:09 | Create | Villager (Male) |
| 15:24 | Create | Villager (Male) |
| 15:26 | Age | Castle Age |
| 15:31 | Build | Castle |
| 15:47 | Build | Town Center |
| 15:54 | Build | Farm |
| 15:57 | Build | Farm |
| 16:02 | Create | Villager (Male) |
| 16:08 | Create | Villager (Male) |
| 16:21 | Build | House |
| 16:27 | Build | Mining Camp |
| 16:38 | Build | House |
| 16:41 | Build | House |
| 16:55 | Create | Camel Archer |
| 17:16 | Create | Villager (Male) |
| 17:23 | Create | Camel Archer |
| 17:24 | Create | Camel Archer |
| 17:26 | Research | Fletching |
| 17:36 | Create | Villager (Male) |
| 17:36 | Create | Villager (Male) |
| 17:39 | Build | Farm |
| 17:50 | Build | Farm |
| 17:51 | Create | Camel Archer |
| 17:59 | Create | Camel Archer |
| 18:15 | Build | Farm |
| 18:22 | Create | Villager (Male) |
| 18:24 | Build | Farm |
| 18:25 | Create | Villager (Male) |
| 18:40 | Research | Bodkin Arrow |
| 19:00 | Create | Camel Archer |
| 19:00 | Create | Camel Archer |
| 19:08 | Create | Villager (Male) |
| 19:09 | Create | Villager (Male) |
| 19:09 | Create | Villager (Male) |
| 19:09 | Create | Villager (Male) |
| 19:25 | Create | Villager (Male) |
| 19:28 | Create | Camel Archer |
| 19:28 | Create | Camel Archer |
| 19:38 | Create | Villager (Male) |
| 19:42 | Create | Villager (Male) |
| 19:49 | Create | Camel Archer |
| 20:07 | Create | Villager (Male) |
| 20:13 | Build | Farm |
| 20:14 | Build | Farm |
| 20:14 | Build | Farm |
| 20:14 | Build | Farm |
| 20:21 | Create | Camel Archer |
| 20:21 | Create | Camel Archer |
| 20:22 | Create | Camel Archer |
| 20:28 | Create | Villager (Male) |
| 20:33 | Create | Villager (Male) |
| 20:51 | Create | Camel Archer |
| 20:53 | Create | Villager (Male) |
| 20:54 | Create | Villager (Male) |
| 20:57 | Build | House |
| 20:58 | Build | House |
| 20:58 | Build | House |
| 21:01 | Build | Farm |
| 21:02 | Build | Farm |
| 21:04 | Build | Farm |
| 21:06 | Create | Villager (Male) |
| 21:08 | Create | Camel Archer |
| 21:18 | Create | Camel Archer |
| 21:23 | Create | Villager (Male) |
| 21:23 | Create | Villager (Male) |
| 21:32 | Create | Villager (Male) |
| 21:37 | Build | Farm |
| 21:39 | Build | Farm |
| 21:39 | Build | Farm |
| 21:39 | Build | Farm |
| 21:50 | Build | Barracks |
| 21:52 | Create | Villager (Male) |
| 22:09 | Create | Villager (Male) |
| 22:11 | Create | Camel Archer |
| 22:18 | Research | Padded Archer Armor |
| 22:21 | Create | Villager (Male) |
| 22:26 | Build | House |
| 22:32 | Create | Villager (Male) |
| 22:34 | Build | Farm |
| 22:36 | Build | Farm |
| 22:41 | Research | Heavy Plow |
| 22:43 | Create | Villager (Male) |
| 22:48 | Create | Villager (Male) |
| 22:56 | Create | Villager (Male) |
| 23:07 | Create | Villager (Male) |
| 23:09 | Build | House |
| 23:10 | Create | Camel Archer |
| 23:11 | Create | Camel Archer |
| 23:20 | Build | Stable |
| 23:28 | Create | Villager (Male) |
| 23:28 | Create | Villager (Male) |
| 23:29 | Create | Villager (Male) |
| 23:35 | Create | Villager (Male) |
| 23:46 | Create | Villager (Male) |
| 23:48 | Build | House |
| 24:03 | Research | Kasbah |
| 24:27 | Create | Villager (Male) |
| 24:30 | Create | Villager (Male) |
| 24:36 | Create | Villager (Male) |
| 24:50 | Create | Villager (Male) |
| 24:52 | Build | University |
Build order — brownedog
First 150 of 593 actions detected
| 0:02 | Build | House |
| 0:03 | Build | House |
| 0:04 | Create | Villager (Male) |
| 0:05 | Create | Villager (Male) |
| 0:37 | Create | Villager (Male) |
| 0:50 | Create | Villager (Male) |
| 1:44 | Create | Villager (Male) |
| 2:01 | Create | Villager (Male) |
| 2:21 | Build | Lumber Camp |
| 2:29 | Create | Villager (Male) |
| 2:43 | Create | Villager (Male) |
| 3:04 | Create | Villager (Male) |
| 3:17 | Create | Villager (Male) |
| 3:50 | Create | Villager (Male) |
| 4:05 | Build | House |
| 4:41 | Create | Villager (Male) |
| 4:42 | Create | Villager (Male) |
| 4:51 | Build | House |
| 4:56 | Build | Palisade Wall |
| 5:32 | Create | Villager (Male) |
| 5:46 | Build | Dock |
| 5:51 | Create | Villager (Male) |
| 6:11 | Create | Villager (Male) |
| 6:15 | Build | Mill |
| 6:19 | Create | Villager (Male) |
| 6:34 | Create | Fishing Ship |
| 6:48 | Create | Villager (Male) |
| 7:04 | Build | House |
| 7:09 | Build | House |
| 7:13 | Build | Palisade Wall |
| 7:21 | Create | Villager (Male) |
| 7:43 | Create | Villager (Male) |
| 7:54 | Create | Fishing Ship |
| 8:11 | Create | Villager (Male) |
| 8:17 | Create | Fishing Ship |
| 8:37 | Create | Villager (Male) |
| 8:56 | Build | Mining Camp |
| 9:00 | Create | Villager (Male) |
| 9:07 | Build | Palisade Wall |
| 9:11 | Build | House |
| 9:14 | Build | House |
| 9:38 | Research | Feudal Age |
| 9:50 | Build | House |
| 9:52 | Build | House |
| 9:53 | Build | Palisade Wall |
| 9:54 | Build | Palisade Wall |
| 10:43 | Build | House |
| 10:44 | Build | Palisade Wall |
| 10:46 | Build | House |
| 10:48 | Build | Palisade Wall |
| 10:51 | Build | Palisade Wall |
| 11:09 | Create | Villager (Male) |
| 11:43 | Create | Villager (Male) |
| 11:52 | Age | Feudal Age |
| 11:59 | Build | Market |
| 12:05 | Build | Blacksmith |
| 12:20 | Create | Demolition Raft |
| 12:24 | Create | Fishing Ship |
| 12:43 | Create | Villager (Male) |
| 13:07 | Research | Castle Age |
| 13:26 | Research | Double-Bit Axe |
| 13:40 | Research | Tech 906 |
| 14:11 | Research | Bow Saw |
| 14:15 | Research | Horse Collar |
| 14:50 | Create | Demolition Raft |
| 15:13 | Research | Heavy Plow |
| 15:20 | Create | Fishing Ship |
| 15:20 | Create | Fishing Ship |
| 15:32 | Create | Galley |
| 15:44 | Create | Galley |
| 15:45 | Create | Villager (Male) |
| 15:48 | Age | Castle Age |
| 16:08 | Create | Galley |
| 16:11 | Create | Villager (Male) |
| 16:20 | Build | Town Center |
| 16:31 | Build | Palisade Wall |
| 16:41 | Build | Town Center |
| 17:05 | Create | Galley |
| 17:20 | Research | Fletching |
| 17:35 | Create | Villager (Male) |
| 17:35 | Create | Villager (Male) |
| 17:38 | Create | Galley |
| 18:07 | Create | Villager (Male) |
| 18:07 | Create | Villager (Male) |
| 18:07 | Create | Villager (Male) |
| 18:08 | Create | Villager (Male) |
| 18:08 | Create | Villager (Male) |
| 18:08 | Create | Villager (Male) |
| 18:09 | Create | Villager (Male) |
| 18:09 | Create | Villager (Male) |
| 18:11 | Build | Farm |
| 18:11 | Build | Farm |
| 18:11 | Build | Farm |
| 18:11 | Build | Farm |
| 18:12 | Build | Farm |
| 18:12 | Build | Farm |
| 18:12 | Build | Farm |
| 18:34 | Create | Demolition Raft |
| 18:34 | Create | Demolition Raft |
| 19:12 | Build | House |
| 19:15 | Build | House |
| 19:39 | Create | Villager (Male) |
| 19:39 | Create | Villager (Male) |
| 19:39 | Create | Villager (Male) |
| 19:39 | Create | Villager (Male) |
| 19:40 | Create | Villager (Male) |
| 19:40 | Create | Villager (Male) |
| 19:44 | Create | Villager (Male) |
| 19:45 | Create | Villager (Male) |
| 20:04 | Create | Villager (Male) |
| 20:06 | Create | Villager (Male) |
| 20:14 | Build | Barracks |
| 21:01 | Build | Farm |
| 21:02 | Build | Farm |
| 21:03 | Build | Farm |
| 21:19 | Build | Monastery |
| 21:39 | Create | Monk |
| 21:44 | Create | Villager (Male) |
| 21:44 | Create | Villager (Male) |
| 21:45 | Create | Villager (Male) |
| 21:45 | Create | Villager (Male) |
| 21:49 | Research | Wheelbarrow |
| 22:33 | Create | Villager (Male) |
| 22:36 | Research | Loom |
| 22:45 | Create | Villager (Male) |
| 22:46 | Create | Villager (Male) |
| 22:46 | Create | Villager (Male) |
| 23:18 | Build | House |
| 23:19 | Build | House |
| 23:20 | Build | Palisade Wall |
| 23:41 | Create | Villager (Male) |
| 23:41 | Create | Villager (Male) |
| 23:42 | Create | Villager (Male) |
| 24:03 | Create | Villager (Male) |
| 24:18 | Create | Villager (Male) |
| 24:43 | Build | Castle |
| 24:50 | Build | Palisade Wall |
| 24:54 | Build | House |
| 24:55 | Build | House |
| 25:01 | Build | Siege Workshop |
| 25:39 | Research | Hand Cart |
| 25:51 | Build | Farm |
| 25:52 | Build | Farm |
| 25:54 | Build | Farm |
| 25:58 | Build | Farm |
| 26:12 | Create | Mangonel |
| 26:15 | Build | Farm |
| 26:16 | Build | Farm |
| 26:33 | Create | Coustillier |
| 26:34 | Create | Coustillier |
Build order — Wekawekawooo
First 150 of 912 actions detected
| 0:01 | Create | Villager (Male) |
| 0:01 | Create | Villager (Male) |
| 0:02 | Create | Villager (Male) |
| 0:03 | Build | House |
| 0:08 | Build | House |
| 0:12 | Create | Villager (Male) |
| 1:38 | Create | Villager (Male) |
| 2:10 | Create | Villager (Male) |
| 2:15 | Build | Lumber Camp |
| 2:29 | Create | Villager (Male) |
| 2:40 | Create | Villager (Male) |
| 3:05 | Create | Villager (Male) |
| 3:26 | Create | Villager (Male) |
| 3:34 | Build | House |
| 3:36 | Build | House |
| 3:53 | Create | Villager (Male) |
| 4:21 | Create | Villager (Male) |
| 4:45 | Build | Mill |
| 4:51 | Create | Villager (Male) |
| 5:10 | Create | Villager (Male) |
| 5:33 | Create | Villager (Male) |
| 6:04 | Create | Villager (Male) |
| 6:30 | Create | Villager (Male) |
| 6:38 | Build | House |
| 6:39 | Build | Palisade Wall |
| 6:46 | Create | Villager (Male) |
| 6:53 | Create | Villager (Male) |
| 7:11 | Create | Villager (Male) |
| 7:35 | Build | Lumber Camp |
| 8:05 | Create | Villager (Male) |
| 8:42 | Research | Feudal Age |
| 8:44 | Research | Loom |
| 9:02 | Build | Mining Camp |
| 9:18 | Build | House |
| 9:20 | Build | Palisade Wall |
| 11:01 | Age | Feudal Age |
| 11:22 | Research | Castle Age |
| 11:46 | Build | Stable |
| 12:12 | Research | Gold Mining |
| 12:21 | Build | Farm |
| 12:21 | Build | Farm |
| 12:21 | Build | Farm |
| 12:22 | Build | Farm |
| 12:22 | Build | Farm |
| 12:42 | Research | Horse Collar |
| 12:50 | Create | Villager (Male) |
| 12:53 | Research | Loom |
| 13:45 | Build | Farm |
| 13:50 | Build | Farm |
| 14:02 | Age | Castle Age |
| 14:03 | Create | Knight |
| 14:11 | Create | Villager (Male) |
| 14:18 | Create | Knight |
| 14:34 | Build | House |
| 14:36 | Create | Knight |
| 14:39 | Create | Villager (Male) |
| 15:01 | Create | Villager (Male) |
| 15:21 | Build | Blacksmith |
| 15:23 | Create | Knight |
| 15:33 | Create | Villager (Male) |
| 15:39 | Build | Stone Wall |
| 15:44 | Create | Knight |
| 15:51 | Create | Villager (Male) |
| 16:07 | Build | Siege Workshop |
| 16:10 | Create | Knight |
| 16:13 | Create | Villager (Male) |
| 16:57 | Build | House |
| 17:06 | Create | Battering Ram |
| 17:18 | Create | Mangonel |
| 17:26 | Create | Villager (Male) |
| 17:27 | Create | Villager (Male) |
| 17:32 | Build | House |
| 17:48 | Create | Villager (Male) |
| 17:50 | Research | Bloodlines |
| 17:57 | Build | Market |
| 18:08 | Build | Stone Wall |
| 18:48 | Create | Mangonel |
| 19:00 | Create | Villager (Male) |
| 19:01 | Create | Villager (Male) |
| 19:01 | Create | Villager (Male) |
| 19:01 | Create | Villager (Male) |
| 19:48 | Create | Villager (Male) |
| 19:48 | Create | Villager (Male) |
| 19:57 | Build | Town Center |
| 20:06 | Create | Villager (Male) |
| 20:34 | Create | Villager (Male) |
| 20:54 | Create | Villager (Male) |
| 21:00 | Create | Battering Ram |
| 21:02 | Create | Mangonel |
| 21:24 | Create | Villager (Male) |
| 21:34 | Create | Villager (Male) |
| 21:49 | Create | Villager (Male) |
| 21:51 | Build | Farm |
| 21:53 | Build | Farm |
| 21:55 | Build | Farm |
| 22:07 | Build | Farm |
| 22:11 | Build | Farm |
| 22:31 | Create | Villager (Male) |
| 22:33 | Create | Villager (Male) |
| 22:47 | Create | Villager (Male) |
| 23:00 | Create | Villager (Male) |
| 23:09 | Build | House |
| 23:27 | Create | Villager (Male) |
| 23:31 | Create | Villager (Male) |
| 23:34 | Build | House |
| 23:35 | Build | House |
| 23:36 | Build | House |
| 23:56 | Create | Villager (Male) |
| 24:10 | Create | Villager (Male) |
| 24:27 | Create | Villager (Male) |
| 24:29 | Build | House |
| 24:36 | Create | Villager (Male) |
| 24:43 | Build | House |
| 24:44 | Build | House |
| 25:02 | Build | Building 490 |
| 25:11 | Research | Town Watch |
| 25:11 | Create | Villager (Male) |
| 25:14 | Create | Villager (Male) |
| 25:42 | Create | Villager (Male) |
| 25:44 | Build | Farm |
| 25:44 | Build | Farm |
| 25:44 | Build | Farm |
| 25:45 | Build | Farm |
| 25:45 | Build | Farm |
| 25:45 | Build | Farm |
| 26:20 | Build | Castle |
| 26:41 | Build | Castle |
| 26:46 | Research | Wheelbarrow |
| 26:47 | Create | Villager (Male) |
| 26:51 | Build | House |
| 27:09 | Create | Villager (Male) |
| 27:12 | Create | Villager (Male) |
| 27:29 | Create | Villager (Male) |
| 27:59 | Build | Mining Camp |
| 28:06 | Research | Gold Shaft Mining |
| 28:08 | Create | Villager (Male) |
| 28:11 | Build | House |
| 28:12 | Build | House |
| 28:15 | Create | Villager (Male) |
| 28:22 | Build | House |
| 28:26 | Build | Farm |
| 28:26 | Build | Farm |
| 28:26 | Build | Farm |
| 28:27 | Build | Farm |
| 28:34 | Create | Villager (Male) |
| 28:44 | Create | Villager (Male) |
| 29:11 | Build | Siege Workshop |
| 29:16 | Research | Heavy Plow |
| 29:19 | Research | Double-Bit Axe |
| 29:23 | Create | Villager (Male) |
Match timeline
| 4:43 | T-Bone · wall_segment Palisade Wall x5 |
| 4:56 | brownedog · wall_segment Palisade Wall x9 |
| 5:09 | Raez · wall_segment Palisade Wall x2 |
| 5:46 | brownedog · first_building Dock |
| 6:39 | Wekawekawooo · wall_segment Palisade Wall x1 |
| 6:51 | Raez · first_building Barracks |
| 6:54 | Raez · wall_segment Palisade Wall x4 |
| 6:56 | T-Bone · first_building Dock |
| 7:13 | brownedog · wall_segment Palisade Wall x7 |
| 7:22 | T-Bone · wall_segment Palisade Wall x5 |
| 7:53 | goldenbrowne · first_building Dock |
| 8:18 | Raez · wall_segment Palisade Wall x1 |
| 8:22 | T-Bone · wall_segment Palisade Wall x1 |
| 8:23 | T-Bone · wall_segment Palisade Wall x1 |
| 8:24 | T-Bone · wall_segment Palisade Wall x1 |
| 8:47 | Raez · wall_segment Palisade Wall x4 |
| 8:48 | Raez · wall_segment Palisade Wall x1 |
| 8:49 | Raez · wall_segment Palisade Wall x1 |
| 9:07 | brownedog · wall_segment Palisade Wall x1 |
| 9:20 | Wekawekawooo · wall_segment Palisade Wall x2 |
| 9:53 | brownedog · wall_segment Palisade Wall x1 |
| 9:54 | brownedog · wall_segment Palisade Wall x1 |
| 10:10 | Raez · age_up feudal |
| 10:13 | Raez · first_building Stable |
| 10:42 | josiahjenkinson1 · age_up feudal |
| 10:44 | brownedog · wall_segment Palisade Wall x1 |
| 10:47 | T-Bone · wall_segment Palisade Wall x7 |
| 10:48 | brownedog · wall_segment Palisade Wall x5 |
| 10:51 | brownedog · wall_segment Palisade Wall x3 |
| 11:01 | Wekawekawooo · age_up feudal |
| 11:15 | T-Bone · wall_segment Palisade Wall x5 |
| 11:22 | goldenbrowne · age_up feudal |
| 11:46 | Wekawekawooo · first_building Stable |
| 11:46 | hodgefarming · age_up feudal |
| 11:52 | brownedog · age_up feudal |
| 11:53 | Sparrow Fart · age_up feudal |
| 11:54 | T-Bone · age_up feudal |
| 12:45 | hodgefarming · first_market_sell 100 stone |
| 13:56 | josiahjenkinson1 · wall_segment Palisade Wall x8 |
| 14:02 | Wekawekawooo · age_up castle |
| 14:03 | josiahjenkinson1 · wall_segment Palisade Wall x7 |
| 14:15 | josiahjenkinson1 · wall_segment Palisade Wall x9 |
| 14:25 | josiahjenkinson1 · wall_segment Palisade Wall x11 |
| 14:39 | josiahjenkinson1 · wall_segment Palisade Wall x5 |
| 14:43 | Sparrow Fart · first_building Barracks |
| 14:44 | josiahjenkinson1 · wall_segment Palisade Wall x7 |
| 14:51 | T-Bone · first_building Barracks |
| 15:07 | T-Bone · wall_segment Stone Wall x1 |
| 15:18 | T-Bone · wall_segment Stone Wall x6 |
| 15:23 | T-Bone · wall_segment Stone Wall x1 |
| 15:24 | T-Bone · wall_segment Stone Wall x1 |
| 15:25 | josiahjenkinson1 · first_building Donjon |
| 15:26 | hodgefarming · age_up castle |
| 15:28 | T-Bone · wall_segment Stone Wall x5 |
| 15:29 | T-Bone · wall_segment Stone Wall x1 |
| 15:31 | hodgefarming · first_building Castle |
| 15:39 | Wekawekawooo · wall_segment Stone Wall x7 |
| 15:48 | brownedog · age_up castle |
| 15:51 | goldenbrowne · age_up castle |
| 15:53 | josiahjenkinson1 · age_up castle |
| 16:03 | Sparrow Fart · age_up castle |
| 16:05 | Sparrow Fart · first_building Stable |
| 16:06 | T-Bone · wall_segment Stone Wall x1 |
| 16:07 | T-Bone · wall_segment Stone Wall x1 |
| 16:07 | Wekawekawooo · first_building Siege Workshop |
| 16:20 | Sparrow Fart · first_building Castle |
| 16:31 | brownedog · wall_segment Palisade Wall x3 |
| 16:34 | T-Bone · wall_segment Stone Wall x1 |
| 16:35 | T-Bone · wall_segment Stone Wall x1 |
| 16:35 | T-Bone · wall_segment Stone Wall x1 |
| 16:36 | T-Bone · wall_segment Stone Wall x1 |
| 16:36 | T-Bone · wall_segment Stone Wall x1 |
| 16:36 | T-Bone · wall_segment Stone Wall x1 |
| 16:37 | T-Bone · wall_segment Stone Wall x1 |
| 16:37 | T-Bone · age_up castle |
| 16:37 | T-Bone · wall_segment Stone Wall x1 |
| 17:02 | T-Bone · wall_segment Stone Wall x1 |
| 17:31 | josiahjenkinson1 · first_market_buy 100 food |
| 18:08 | Wekawekawooo · wall_segment Stone Wall x7 |
| 18:28 | goldenbrowne · first_market_buy 100 stone |
| 18:29 | josiahjenkinson1 · wall_segment Palisade Wall x4 |
| 19:35 | goldenbrowne · first_building Barracks |
| 20:13 | josiahjenkinson1 · first_building Monastery |
| 20:14 | brownedog · first_building Barracks |
| 20:16 | T-Bone · wall_segment Stone Wall x5 |
| 20:35 | T-Bone · first_market_buy 100 food |
| 21:19 | brownedog · first_building Monastery |
| 21:21 | Sparrow Fart · first_building Monastery |
| 21:36 | goldenbrowne · first_building Stable |
| 21:42 | T-Bone · wall_segment Stone Wall x1 |
| 21:50 | hodgefarming · first_building Barracks |
| 22:07 | Raez · age_up castle |
| 22:19 | T-Bone · first_market_sell 100 wood |
| 22:24 | Raez · first_building Castle |
| 22:26 | T-Bone · first_building Castle |
| 22:39 | hodgefarming · first_market_buy 100 food |
| 23:18 | Raez · first_building Siege Workshop |
| 23:20 | hodgefarming · first_building Stable |
| 23:20 | brownedog · wall_segment Palisade Wall x1 |
| 23:31 | josiahjenkinson1 · first_building Stable |
| 24:33 | brownedog · first_market_buy 100 stone |
| 24:36 | brownedog · first_market_sell 100 wood |
| 24:41 | T-Bone · first_building Monastery |
| 24:43 | brownedog · first_building Castle |
| 24:50 | brownedog · wall_segment Palisade Wall x6 |
| 25:01 | brownedog · first_building Siege Workshop |
| 25:55 | Sparrow Fart · first_building Siege Workshop |
| 26:20 | Wekawekawooo · first_building Castle |
| 26:47 | T-Bone · first_building Archery Range |
| 27:11 | josiahjenkinson1 · first_building Castle |
| 27:31 | T-Bone · first_building Siege Workshop |
| 27:45 | T-Bone · wall_segment Stone Wall x7 |
| 27:49 | T-Bone · wall_segment Stone Wall x5 |
| 27:51 | T-Bone · wall_segment Stone Wall x1 |
| 28:27 | hodgefarming · first_building Archery Range |
| 28:48 | goldenbrowne · first_building Monastery |
| 28:54 | josiahjenkinson1 · first_market_sell 100 stone |
| 29:15 | Wekawekawooo · first_market_buy 100 wood |
| 29:28 | Sparrow Fart · first_market_sell 100 wood |
| 29:31 | Sparrow Fart · first_market_buy 100 food |
| 29:48 | brownedog · wall_segment Palisade Wall x4 |
| 30:39 | Raez · first_market_sell 100 food |
| 30:55 | T-Bone · wall_segment Stone Wall x6 |
| 30:57 | T-Bone · wall_segment Stone Wall x7 |
| 31:08 | Raez · first_market_buy 100 wood |
| 31:23 | goldenbrowne · first_building Castle |
| 32:29 | goldenbrowne · age_up imperial |
| 32:39 | goldenbrowne · first_market_sell 500 food |
| 32:40 | josiahjenkinson1 · age_up imperial |
| 32:45 | Sparrow Fart · age_up imperial |
| 33:55 | Raez · age_up imperial |
| 33:57 | brownedog · first_building Stable |
| 35:40 | Wekawekawooo · wall_segment Stone Wall x4 |
| 35:42 | Wekawekawooo · wall_segment Stone Wall x2 |
| 35:44 | T-Bone · age_up imperial |
| 36:33 | hodgefarming · age_up imperial |
| 37:36 | T-Bone · wall_segment Stone Wall x1 |
| 37:58 | Wekawekawooo · age_up imperial |
| 38:46 | Wekawekawooo · first_building Monastery |
| 40:34 | T-Bone · wall_segment Stone Wall x2 |
| 41:45 | brownedog · age_up imperial |
| 43:17 | goldenbrowne · first_building Siege Workshop |
| 43:29 | T-Bone · wall_segment Stone Wall x7 |
| 45:14 | T-Bone · wall_segment Stone Wall x5 |
| 45:20 | hodgefarming · tribute_sent a jugador 1 |
| 45:20 | hodgefarming · tribute_sent a jugador 2 |
| 45:20 | hodgefarming · tribute_sent a jugador 3 |
| 45:20 | hodgefarming · tribute_sent a jugador 4 |
| 45:20 | hodgefarming · tribute_sent a jugador 5 |
| 45:20 | hodgefarming · tribute_sent a jugador 7 |
| 45:20 | hodgefarming · tribute_sent a jugador 8 |
| 45:40 | hodgefarming · tribute_sent a jugador 1 |
| 45:40 | hodgefarming · tribute_sent a jugador 2 |
| 45:40 | hodgefarming · tribute_sent a jugador 3 |
| 45:40 | hodgefarming · tribute_sent a jugador 4 |
| 45:40 | hodgefarming · tribute_sent a jugador 5 |
| 45:40 | hodgefarming · tribute_sent a jugador 7 |
| 45:40 | hodgefarming · tribute_sent a jugador 8 |
| 46:43 | T-Bone · wall_segment Stone Wall x11 |
| 46:52 | T-Bone · wall_segment Stone Wall x4 |
| 47:26 | Wekawekawooo · first_market_sell 500 food |
| 47:35 | T-Bone · wall_segment Stone Wall x1 |
| 47:36 | T-Bone · wall_segment Stone Wall x1 |
| 47:45 | T-Bone · wall_segment Stone Wall x1 |
| 48:14 | T-Bone · wall_segment Stone Wall x5 |
| 48:41 | hodgefarming · tribute_sent a jugador 1 |
| 48:41 | hodgefarming · tribute_sent a jugador 2 |
| 48:41 | hodgefarming · tribute_sent a jugador 3 |
| 48:41 | hodgefarming · tribute_sent a jugador 4 |
| 48:41 | hodgefarming · tribute_sent a jugador 5 |
| 48:41 | hodgefarming · tribute_sent a jugador 7 |
| 48:41 | hodgefarming · tribute_sent a jugador 8 |
| 49:43 | hodgefarming · first_building Dock |
| 51:08 | T-Bone · wall_segment Stone Wall x1 |
| 51:44 | hodgefarming · tribute_sent a jugador 1 |
| 51:44 | hodgefarming · tribute_sent a jugador 2 |
| 51:44 | hodgefarming · tribute_sent a jugador 3 |
| 51:44 | hodgefarming · tribute_sent a jugador 4 |
| 51:44 | hodgefarming · tribute_sent a jugador 5 |
| 51:44 | hodgefarming · tribute_sent a jugador 7 |
| 51:44 | hodgefarming · tribute_sent a jugador 8 |
| 51:55 | Wekawekawooo · first_building Barracks |
| 52:50 | Wekawekawooo · wall_segment Stone Wall x13 |
| 53:13 | T-Bone · wall_segment Stone Wall x1 |
| 53:14 | T-Bone · wall_segment Stone Wall x1 |
| 53:35 | T-Bone · wall_segment Stone Wall x1 |
| 54:57 | hodgefarming · tribute_sent a jugador 1 |
| 54:57 | hodgefarming · tribute_sent a jugador 2 |
| 54:57 | hodgefarming · tribute_sent a jugador 3 |
| 54:57 | hodgefarming · tribute_sent a jugador 4 |
| 54:57 | hodgefarming · tribute_sent a jugador 5 |
| 54:57 | hodgefarming · tribute_sent a jugador 7 |
| 54:57 | hodgefarming · tribute_sent a jugador 8 |
| 58:16 | Raez · wall_segment Stone Wall x8 |
| 58:47 | T-Bone · tribute_sent a jugador 2 |
| 58:47 | T-Bone · tribute_sent a jugador 3 |
| 58:47 | T-Bone · tribute_sent a jugador 4 |
| 58:47 | T-Bone · tribute_sent a jugador 5 |
| 58:47 | T-Bone · tribute_sent a jugador 6 |
| 58:47 | T-Bone · tribute_sent a jugador 7 |
| 58:47 | T-Bone · tribute_sent a jugador 8 |
| 62:17 | Wekawekawooo · wall_segment Stone Wall x12 |
| 62:34 | Wekawekawooo · wall_segment Stone Wall x6 |
| 62:52 | hodgefarming · tribute_sent a jugador 1 |
| 62:52 | hodgefarming · tribute_sent a jugador 2 |
| 62:52 | hodgefarming · tribute_sent a jugador 3 |
| 62:52 | hodgefarming · tribute_sent a jugador 4 |
| 62:52 | hodgefarming · tribute_sent a jugador 5 |
| 62:52 | hodgefarming · tribute_sent a jugador 7 |
| 62:52 | hodgefarming · tribute_sent a jugador 8 |
| 65:19 | hodgefarming · tribute_sent a jugador 1 |
| 65:19 | hodgefarming · tribute_sent a jugador 2 |
| 65:19 | hodgefarming · tribute_sent a jugador 3 |
| 65:19 | hodgefarming · tribute_sent a jugador 4 |
| 65:19 | hodgefarming · tribute_sent a jugador 5 |
| 65:19 | hodgefarming · tribute_sent a jugador 7 |
| 65:19 | hodgefarming · tribute_sent a jugador 8 |
| 69:55 | josiahjenkinson1 · first_building Dock |
| 74:30 | Wekawekawooo · wall_segment Stone Wall x13 |
| 74:38 | hodgefarming · tribute_sent a jugador 1 |
| 74:38 | hodgefarming · tribute_sent a jugador 2 |
| 74:38 | hodgefarming · tribute_sent a jugador 3 |
| 74:38 | hodgefarming · tribute_sent a jugador 4 |
| 74:38 | hodgefarming · tribute_sent a jugador 5 |
| 74:38 | hodgefarming · tribute_sent a jugador 7 |
| 74:38 | hodgefarming · tribute_sent a jugador 8 |
| 74:53 | Raez · first_building Monastery |
| 75:24 | T-Bone · tribute_sent a jugador 2 |
| 75:24 | T-Bone · tribute_sent a jugador 3 |
| 75:24 | T-Bone · tribute_sent a jugador 4 |
| 75:24 | T-Bone · tribute_sent a jugador 5 |
| 75:24 | T-Bone · tribute_sent a jugador 6 |
| 75:24 | T-Bone · tribute_sent a jugador 7 |
| 75:24 | T-Bone · tribute_sent a jugador 8 |
| 75:31 | Raez · resign |
[ AI ANALYSIS · 1 CREDIT ]
What really happened in this match?
Wolo.gg analyzes every decision: build order, eco, micro, common mistakes by bracket. Personalized analysis on WhatsApp or Discord in 30 seconds.
Civ guide
Portuguese
Perfil
Jugador #704989